 Dungeon Crawl Stone Soup version 0.31.0-4-g52a2dc7128 (webtiles) character file.

Game seed: 8446038067702614064

102 gohu the Chopper (level 4, -2/39 (40) HPs)
             Began as a Hill Orc Fighter on Jan 21, 2024.
             Incinerated by a bombardier beetle (7 damage)
             ... with a burning spray
             ... on level 3 of the Dungeon.
             The game lasted 00:03:34 (2089 turns).

gohu the Chopper (Hill Orc Fighter)                 Turns: 2089, Time: 00:03:35

HP:   -2/39 (40)    AC:  9    Str: 20    XL:     4   Next: 77%
MP:   4/4           EV:  7    Int:  8    God:
Gold: 88            SH:  4    Dex: 10    Spells: 3/3 levels left

rFire   . . .        a - +0 war axe
rCold   . . .        c - +0 buckler
rNeg    . . .        o - +0 chain mail
rPois   .            (no helmet)
rElec   .            (no cloak)
rCorr   .            (no gloves)
SInv    .            (no boots)
Will    .....        (no amulet) Stlth
                     (no ring)
HPRegen 0.26/turn    (no ring)
MPRegen 0.09/turn

%: no passive effects
@: on fire, glowing, lightly drained
A: no striking features
a: no special abilities


You were on level 3 of the Dungeon.
You visited 1 branch of the dungeon, and saw 4 of its levels.

You collected 88 gold pieces.

Inventory:

Hand Weapons
 a - a +0 war axe (weapon)
Armour
 b - a +0 scale mail
 c - a +0 buckler (worn)
 o - a +0 chain mail (worn)
Jewellery
 n - a ring of flight
Scrolls
 e - 2 scrolls of poison {unknown}
 g - 3 scrolls of silence {unknown}
 h - a scroll of identify {unknown}
 k - 2 scrolls of teleportation {unknown}
 l - a scroll of enchant weapon {unknown}
 m - a scroll of immolation {unknown}
 q - a scroll of acquirement {unknown}
Potions
 d - a potion of might
 f - 2 potions of degeneration {unknown}
 i - a potion of berserk rage {unknown}
 j - a potion of brilliance {unknown}
 p - a potion of curing {unknown}


   Skills:
 + Level 4.1 Fighting
 * Level 5.0 Axes
 + Level 3.8 Armour
 + Level 3.7 Shields


You had 3 spell levels left.
You didn't know any spells.
Your spell library contained the following spells:

 Spells                   Type           Power      Damage    Failure   Level
 Summon Small Mammal      Summ           0%         N/A       99%         1
 Call Canine Familiar     Summ           0%         N/A       100%        3
 Summon Blazeheart Golem  Fire/Summ      0%         N/A       100%        4


Dungeon Overview and Level Annotations

Branches:
Dungeon (4/15)
 Temple: D:4-7

Altars:


Message History

The liquid fire burns you!
The bombardier beetle sprays incendiary fluid at you.
The burning spray hits you.
You are even more covered in liquid fire!
You shake off some of the fire as you move.
The liquid fire burns you!
You barely miss the bombardier beetle. The liquid fire burns you!
The bombardier beetle barely misses you.
You hit the bombardier beetle.
The bombardier beetle is lightly wounded.
The liquid fire burns you!
The bombardier beetle sprays incendiary fluid at you.
The burning spray hits you.
You are even more covered in liquid fire!
You barely miss the bombardier beetle.
The bombardier beetle is lightly wounded.
The liquid fire burns you!
The bombardier beetle sprays incendiary fluid at you.
You block the burning spray.
You slash the bombardier beetle!
The bombardier beetle is severely wounded.
The liquid fire burns you! The bombardier beetle bites you.
You are too injured to fight recklessly!
You are too injured to fight recklessly!
You are too injured to fight recklessly!
You hit the bombardier beetle.
The bombardier beetle is almost dead.
The liquid fire burns you!
* * * LOW HITPOINT WARNING * * *
You closely miss the bombardier beetle.
The bombardier beetle is almost dead.
The liquid fire burns you!
* * * LOW HITPOINT WARNING * * *
You block the bombardier beetle's attack.
You barely miss the bombardier beetle.
The bombardier beetle is almost dead.
The liquid fire burns you!
You die...

...##.###.#########.#.##.#.......
#.##...##.# ##.#.##.#.##....
#.........# #..#.##.#.####.#
####...#### #..#.##.#.####.#
##.## #..#.........#.. #.#
#..####.#.##.#.. #.#
#..####......... #.#
#########..........>...# #..
......B@...######.##.... ##
#########.## #.##.... #.#
#....... .#. ####.... .# #. #....
## ## ###.. ..


You could see a bombardier beetle.

Vanquished Creatures
  An adder (D:2)
  3 dart slugs
  3 orcs (D:3)
  8 endoplasms
  7 giant cockroaches
  7 goblins
  6 hobgoblins
  3 jackals (D:4)
  3 quokkas
  9 ball pythons
  8 bats
  3 frilled lizards
  9 kobolds
  5 rats
75 creatures vanquished.

Notes
Turn   | Place    | Note
-------+----------+-------------------------------------------
     0 | D:1      | gohu the Hill Orc Fighter began the quest for the Orb.
     0 | D:1      | Reached XP level 1. HP: 19/19 MP: 1/1
    88 | D:1      | Reached XP level 2. HP: 14/27 MP: 2/2
   157 | D:1      | Reached skill level 3 in Axes
   461 | D:1      | Reached XP level 3. HP: 33/33 MP: 3/3
   962 | D:2      | Found a faded altar of an unknown god.
   988 | D:2      | Reached skill level 4 in Axes
  1376 | D:3      | Reached XP level 4. HP: 27/35 MP: 4/4
  1998 | D:3      | Reached skill level 5 in Axes
  2089 | D:3      | Incinerated by a bombardier beetle

Illustrated notes

Levels and vault maps discovered:
D:1:      amcnicky_arrival_abandoned_market, layout_basic, interstate_on_off
D:2:      minmay_kobold_bridge, layout_loops_corners,
          dreamdust_ecumenical_altar_grove
D:3:      layout_loops_ring, minmay_vboxes
D:4:      layout_basic, minmay_temple_entry_poolview, serial_shops, shop,
          nicolae_grassy_gnolls

Skill      XL: |  1  2  3  4 |
---------------+-------------+-----
Axes           | 3 4 5 |  5.0
Fighting       | 4 |  4.1
Armour         | |  3.8
Shields        | |  3.7

Action                     |  1- 3 |  4- 6 || total
---------------------------+-------+-------++-------
  Melee: War axe           |   139 |    89 ||   228
 Armour: Scale mail        |   100 |    29 ||   129
         Chain mail        |       |    22 ||    22
         Skin              |       |     2 ||     2
  Dodge: Dodged            |    75 |    32 ||   107
  Block: Buckler           |    25 |    20 ||    45
